 Dungeon Crawl Stone Soup version 0.23-a0-677-g07611c5 (webtiles) character file.

63 galech the Skirmisher (level 3, -7/29 HPs)
             Began as a Demonspawn Fighter on Jan 9, 2019.
             Killed by nerve-wracking pain
             ... invoked by Grinder
              (11 damage)
             ... on level 3 of the Dungeon.
             The game lasted 00:03:48 (1966 turns).

galech the Skirmisher (Demonspawn Fighter)          Turns: 1966, Time: 00:03:49

Health: -7/29      AC: 11    Str: 16    XL:     3   Next: 87%
Magic:  3/3        EV:  2    Int:  9    God:
Gold:   90         SH:  0    Dex: 13    Spells: 2/2 levels left

rFire    + . .     SeeInvis .   a - +0 war axe
rCold    + . .     Gourm    .   c - +0 shield
rNeg     . . .     Faith    .   q - +0 chain mail
rPois    .         Spirit   .   (no helmet)
rElec    .         Reflect  .   k - scarf {rC+ rF+}
rCorr    .         Harm     .   (no gloves)
MR       .....                  (no boots)
Stlth    ..........             (no amulet)
HPRegen  0.09/turn              (no ring)
MPRegen  0.08/turn              (no ring)

@: held
A: molten scales 1, demonic guardian 1
a: no special abilities


You were on level 3 of the Dungeon.
You were hungry.

You visited 1 branch of the dungeon, and saw 3 of its levels.

You collected 90 gold pieces.

Inventory:

Hand Weapons
 a - a +0 war axe (weapon)
Armour
 b - a +0 scale mail
 c - a +0 shield (worn)
 k - a scarf of resistance (worn)
 q - a +0 chain mail (worn)
Scrolls
 g - a scroll of amnesia {unknown}
 h - a scroll of fog {unknown}
 i - a scroll of enchant weapon {unknown}
 j - 2 scrolls of remove curse {unknown}
 m - a scroll of identify {unknown}
 n - a scroll of magic mapping {unknown}
 o - a scroll of immolation {unknown}
 p - 2 scrolls of teleportation {unknown}
 s - a scroll of random uselessness {unknown}
Potions
 d - a potion of might
 e - a potion of haste {unknown}
 l - a potion of curing {unknown}
 r - a potion of heal wounds {unknown}
Comestibles
 f - 2 rations


   Skills:
 + Level 3.3 Fighting
 + Level 2.4 Axes
 + Level 3.3 Armour
 + Level 0.1 Dodging
 + Level 3.1 Shields


You had 2 spell levels left.
You didn't know any spells.
Your spell library was empty.

Dungeon Overview and Level Annotations

Branches:
Dungeon (3/15)

Altars:
Hepliaklqana

Annotations:
D:3 Grinder


Innate Abilities, Weirdness & Mutations

You are partially covered in molten scales. (AC +2)
A weak demonic guardian rushes to your aid.


Message History

Your quasit claws Grinder but does no damage. x2
Your quasit closely misses Grinder.
Your quasit claws Grinder but does no damage.
Your quasit barely misses Grinder.
Your iron imp hits Grinder.
The gnoll throws a throwing net.
The throwing net barely misses your quasit.
The throwing net barely misses Grinder.
The throwing net hits you.
You become entangled in the net!
Things that are here:
a throwing net; a +0 club You struggle against the net.
Grinder hits you but does no damage.
Your quasit barely misses Grinder.
Your quasit claws Grinder but does no damage.
Your quasit closely misses Grinder.
Your iron imp hits Grinder!
You struggle against the net.
Your quasit bites Grinder.
Your quasit claws Grinder but does no damage.
Your quasit claws Grinder.
Grinder gestures at you. Pain shoots through your body!
You die...

#.. #.# ..# ...
#.# #.# #.#
#.#######
####.5@...<#
#..g55.5.......#
#)########.#......
#.# #.###.### #5#
#.[ # ... .... .##
##### .# .


You could see Grinder, a gnoll, a friendly iron imp, a friendly quasit and a
friendly ufetubus.

Vanquished Creatures
  An adder (D:2)
  A gnoll (D:3)
  A worm (D:2)
  A dart slug (D:1)
  A leopard gecko (D:2)
  7 bats
  9 goblins
  5 hobgoblins
  3 jackals (D:1)
  A quokka (D:2)
  A ball python (D:3)
  2 kobolds (D:2)
  4 rats
37 creatures vanquished.

Notes
Turn   | Place    | Note
-------+----------+-------------------------------------------
     0 | D:1      | galech the Demonspawn Fighter began the quest for the Orb.
     0 | D:1      | Reached XP level 1. HP: 18/18 MP: 1/1
    99 | D:1      | Gained mutation: You are partially covered in molten
                  | scales. (AC +2) [demonic ancestry]
    99 | D:1      | Reached XP level 2. HP: 24/24 MP: 2/2
   787 | D:2      | Gained mutation: A weak demonic guardian rushes to your
                  | aid. [demonic ancestry]
   787 | D:2      | Reached XP level 3. HP: 29/29 MP: 3/3
   994 | D:2      | Found a hazy altar of Hepliaklqana.
  1940 | D:3      | Noticed Grinder
  1943 | D:3      | Paralysed by Grinder for 2 turns
  1961 | D:3      | Paralysed by Grinder for 2 turns
  1966 | D:3      | Killed from afar by Grinder

Vault maps used:
D:1:      wander_arrival_lonely_grave
D:2:      lemuel_round_altar
D:3:      minmay_ogre_servants, uniq_grinder

Skill      XL: |  1  2 |
---------------+-------+-----
Armour         | 3 |  3.3
Shields        | 3 |  3.1
Axes           | 2 |  2.4
Fighting       | |  3.3
Dodging        | |  0.1

Action                   || total
-------------------------++-------
Melee: War axe           ||   153
  Eat: Chunk             ||     3
Armor: Scale mail        ||    59
       Chain mail        ||    45
Dodge: Dodged            ||    34
Block: Shield            ||   101

Table legend:
 A = Non-vault XP
 B = Vault XP
 C = Vault XP percentage of total XP
 D = Non-vault monster count
 E = Vault monster count
 F = Vault count percentage of total count
                 A         B        C        D         E       F
            +---------+---------+-------+---------+---------+-------
      Total |      90 |       0 |   0.0 |      37 |       0 |   0.0
            +---------+---------+-------+---------+---------+-------
        D:1 |      35 |       0 |   0.0 |      18 |       0 |   0.0
        D:2 |      42 |       0 |   0.0 |      16 |       0 |   0.0
        D:3 |      13 |       0 |   0.0 |       3 |       0 |   0.0
            +---------+---------+-------+---------+---------+-------
